 Dungeon Crawl Stone Soup version 0.30-a0-297-g0ec75d9ef4 (webtiles) character file.

Game seed: 9387471299943677926

7 Iusername the Trooper (level 2, -1/19 HPs)
             Began as a Gargoyle Fighter on Oct 19, 2022.
             Slain by a goblin
             ... wielding a +0 club
              (2 damage)
             ... on level 1 of the Dungeon.
             The game lasted 00:00:08 (99 turns).

Iusername the Trooper (Gargoyle Fighter)              Turns: 99, Time: 00:00:09

Health: -1/19      AC:  9    Str: 19    XL:     2   Next: 4%
Magic:  2/2        EV:  9    Int:  8    God:
Gold:   33         SH:  4    Dex:  9    Spells: 1/1 levels left

rFire   . . .      SeeInvis .    a - +0 flail
rCold   . . .      Faith    .    c - +0 buckler
rNeg    + . .      Spirit   .    b - +0 scale mail
rPois   ∞          Reflect  .    (no helmet)
rElec   +          Harm     .    (no cloak)
rCorr   .          Rampage  .    (no gloves)
Will    .....                    (no boots)
Stlth   ..........               (no amulet)
HPRegen 0.23/turn                (no ring)
MPRegen 0.08/turn                (no ring)

@: no status effects
A: sickness immunity, AC +2, negative energy resistance 1, electricity
resistance, torment resistance 1, petrification resistance
a: no special abilities


You were on level 1 of the Dungeon.
You visited 1 branch of the dungeon, and saw 1 of its levels.

You collected 33 gold pieces.

Inventory:

Hand Weapons
 a - a +0 flail (weapon)
Armour
 b - a +0 scale mail (worn)
 c - a +0 buckler (worn)
Potions
 d - a potion of might
 e - a potion of degeneration {unknown}
 f - a potion of attraction {unknown}


   Skills:
 + Level 3.4 Fighting
 + Level 2.1 Maces & Flails
 + Level 3.4 Armour
 + Level 3.4 Shields


You had one spell level left.
You didn't know any spells.
Your spell library was empty.

Dungeon Overview and Level Annotations

Branches:
Dungeon (1/15)

Altars:


Innate Abilities, Weirdness & Mutations

You are immune to sickness and miasma.
Your stone body is resilient. (AC +2)
You are immune to poison.
You resist negative energy. (rN+)
You are resistant to electric shocks. (rElec)
You are resistant to unholy torment.
You are immune to petrification.


Message History

You see here a +0 club.
The bat attacks as you move away! You block the bat's attack.
The bat hits you but does no damage. The jackal closely misses you.
The jackal bites you.
* * * LOW HITPOINT WARNING * * *
The jackal closely misses you. The jackal barely misses you.
You closely miss the jackal.
The jackal bites you but does no damage. x2
The goblin hits you but does no damage. The bat barely misses you.
You closely miss the goblin. The bat hits you but does no damage.
The jackal bites you but does no damage.
The jackal closely misses you. The goblin hits you but does no damage.
The jackal bites you but does no damage.
You block the jackal's attack. The goblin hits you but does no damage.
You sock the jackal!
You kill the jackal!
The bat closely misses you.
The jackal bites you but does no damage.
The bat closely misses you.
The jackal bites you but does no damage.
The goblin closely misses you.
You miss the goblin. The bat hits you but does no damage.
The bat closely misses you.
The jackal bites you but does no damage.
The endoplasm hits you but does no damage.
The goblin closely misses you. The jackal barely misses you.
You block the bat's attack.
Unknown command.
You sock the endoplasm!
You kill the endoplasm!
The bat barely misses you. You block the bat's attack.
The jackal barely misses you. You block the goblin's attack.
The jackal bites you.
* * * LOW HITPOINT WARNING * * *
The goblin hits you but does no damage.
You have reached level 2!
You barely miss the goblin. The bat hits you.
* * * LOW HITPOINT WARNING * * *
The jackal barely misses you. The goblin hits you with a +0 club.
You die...

#.. #. #..##.
#....######
#........ #
#...... #..
#....########
.....#.h†#......#
#...g@#.####.###
#...$b..#......#
#.....####.#.#.#
####### #.#.#.#
#.#.#.# #.#.###
#.#.# #.#.####
#.#...[#


You could see a jackal, a goblin and a bat.

Vanquished Creatures
  An endoplasm (D:1)
  A goblin (D:1)
  2 jackals (D:1)
  2 kobolds (D:1)
6 creatures vanquished.

Notes
Turn   | Place    | Note
-------+----------+-------------------------------------------
     0 | D:1      | Iusername the Gargoyle Fighter began the quest for the Orb.
     0 | D:1      | Reached XP level 1. HP: 14/14 MP: 1/1
    99 | D:1      | Reached XP level 2. HP: 1/19 MP: 2/2
    99 | D:1      | Slain by a goblin

Illustrated notes

Levels and vault maps discovered:
D:1:      wander_arrival_desolate, layout_basic, minivault_26,
          minmay_lizard_king

Action                   || total
-------------------------++-------
Melee: Flail             ||    22
Armor: Scale mail        ||    39
Dodge: Dodged            ||    31
Block: Buckler           ||    11

Table legend: (Time is in decaauts)
 A = Elapsed time spent in this place.
 B = Non-inter-level travel time spent in this place.
 C = Inter-level travel time spent in this place.
 D = Time resting spent in this place.
 E = Time spent auto-exploring this place.
 F = Levels seen in this place.
 G = Mean time per level.
                   A        B        C        D        E       F      G
               +--------+--------+--------+--------+--------+-----+--------+
         Total |    106 |    106 |      0 |      0 |     68 |   1 |  106.0 |
       Dungeon |    106 |    106 |      0 |      0 |     68 |   1 |  106.0 |
               +--------+--------+--------+--------+--------+-----+--------+

Top non-repeatable levels by time:
     D:1: 106 daAuts
